 Dungeon Crawl Stone Soup version 0.28.0-45-g0d030f2227 (webtiles) character file.

Game seed: 9432724080916356768

463262 ndowd the Warrior (level 23, -19/194 HPs)
             Began as a Demonspawn Gladiator on Apr 17, 2022.
             Was a High Priest of Qazlal.
             Demolished by a vault warden
             ... wielding a +2 bardiche of protection
              (47 damage)
             ... on level 5 of the Vaults on Apr 18, 2022.
             The game lasted 08:33:51 (69612 turns).

ndowd the Warrior (Demonspawn Gladiator)           Turns: 69612, Time: 08:33:51

Health: -19/194    AC: 51    Str: 23    XL:     23   Next: 40%
Magic:  35/35      EV:  9    Int: 11    God:    Qazlal [*****.]
Gold:   5756       SH: 26    Dex: 16    Spells: 22/22 levels left

rFire   + + .      SeeInvis .   a - +8 broad axe of the Shining Light {vorpal, Contam rC+ rCorr}
rCold   + + +      Faith    .   v - +1 kite shield {reflect}
rNeg    + . .      Spirit   .   T - +6 gold dragon scales
rPois   +          Reflect  +   (helmet unavailable)
rElec   .          Harm     .   V - +2 cloak
rCorr   +          Rampage  .   y - +2 pair of gloves
Will    ++...      Rnd*Tele +   l - +0 pair of boots
Stlth   ..........              t - amulet of regeneration
HPRegen 1.22/turn               x - ring of positive energy
MPRegen 0.24/turn               w - ring of protection from fire

@: about to teleport, protected from physical damage, studying 3 skills, repel
missiles
A: horns 3, icy blue scales 3, icemail 2, spiny 3, torment resistance 1,
condensation shield, demonic willpower, teleportitis 1
}: 2/15 runes: decaying, serpentine
a: Renounce Religion, Upheaval, Elemental Force, Disaster Area


You were on level 5 of the Vaults.
You worshipped Qazlal.
Qazlal was extremely pleased with you.
You visited 9 branches of the dungeon, and saw 43 of its levels.
You also visited: Sewer, Ossuary, Bailey and Ice Cave.

You collected 7006 gold pieces.
You spent 1250 gold pieces at shops.

Inventory:

Hand Weapons
 a - the +8 broad axe of the Shining Light (weapon) {vorpal, Contam rC+ rCorr}
   (You bought it in a shop on level 2 of the Vaults)

   It inflicts extra damage upon your enemies.
   rC:        It protects you from cold.
   Contam:    It causes magical contamination when unequipped.
   rCorr:     It protects you from acid and corrosion.
 b - a +8 hand crossbow of freezing
 k - a +8 broad axe of flaming
 z - a +2 executioner's axe of draining
 J - the +6 Majin-Bo {vamp, MP+6 Int+6}
   (You found it on level 3 of the Crypt)

   It occasionally heals its wielder for a portion of the damage dealt when they
   wound a living foe with it or with a spell.
   Its wielder's spells cost health as well as magical power.
   Int:       It affects your intelligence (+6).
   MP:        It affects your magic capacity (+6).
Missiles
 n - 1445 bolts
 G - 18 boomerangs (quivered)
Armour
 l - a +0 pair of boots (worn)
 v - a +1 kite shield of reflection (worn)
 y - a +2 pair of gloves (worn)
 L - +0 ice dragon scales
 T - +6 gold dragon scales (worn)
 V - a +2 cloak (worn)
Jewellery
 t - an amulet of regeneration (around neck)
 w - a ring of protection from fire (right hand)
 x - a ring of positive energy (left hand)
 C - a ring of see invisible
 F - a ring of flight
 U - a ring of willpower
 X - a ring of willpower
Wands
 o - a wand of mindburst (39)
 s - a wand of charming (5)
 A - a wand of acid (15)
 D - a wand of paralysis (11)
 N - a wand of iceblast (27)
 O - a wand of polymorph (34)
 S - a wand of digging (17)
 W - a wand of flame (40)
Scrolls
 c - 4 scrolls of torment
 h - 5 scrolls of fear
 i - 18 scrolls of teleportation
 q - 2 scrolls of silence
 u - 9 scrolls of fog
 E - 4 scrolls of magic mapping
 P - a scroll of blinking
Potions
 d - 2 potions of resistance
 j - a potion of magic
 m - a potion of flight
 r - 6 potions of curing
 B - 3 potions of cancellation
 I - 2 potions of ambrosia
 K - 2 potions of haste
 M - 6 potions of berserk rage
Miscellaneous
 f - a phantom mirror
 g - a phial of floods (inert)
 p - a tin of tremorstones (inert)
 H - a lightning rod (4/4)
 R - a box of beasts
 Z - a condenser vane


   Skills:
 + Level 19.3 Fighting
 - Level 16.1 Axes
 - Level 10.0 Crossbows
 - Level 1.7 Throwing
 - Level 17.0 Armour
 - Level 11.0 Dodging
 - Level 15.0 Shields
 - Level 12.0 Unarmed Combat
 - Level 16.0 Invocations
 - Level 13.0 Evocations


You had 22 spell levels left.
You didn't know any spells.
Your spell library contained the following spells:

 Spells                   Type           Power      Damage    Failure   Level
 Animate Skeleton         Necr           0%         N/A       100%        1
 Apportation              Tloc           0%         N/A       100%        1
 Magic Dart               Conj           0%         1d3       100%        1
 Sandblast                Erth           0%         2d4       100%        1
 Shock                    Conj/Air       0%         1d3       100%        1
 Slow                     Hex            0%         N/A       100%        1
 Summon Small Mammal      Summ           0%         N/A       100%        1
 Call Imp                 Summ           0%         N/A       100%        2
 Ensorcelled Hibernation  Hex/Ice        0%         N/A       100%        2
 Passwall                 Tmut/Erth      0%         N/A       100%        2
 Call Canine Familiar     Summ           0%         N/A       100%        3
 Confusing Touch          Hex            0%         N/A       100%        3
 Gell's Gravitas          Tloc           0%         N/A       100%        3
 Lesser Beckoning         Tloc           0%         N/A       100%        3
 Mephitic Cloud           Conj/Pois/Air  0%         N/A       100%        3
 Ozocubu's Armour         Ice            0%         N/A       100%        3
 Portal Projectile        Hex/Tloc       0%         N/A       100%        3
 Spider Form              Tmut/Pois      0%         N/A       100%        3
 Stone Arrow              Conj/Erth      0%         3d7       100%        3
 Summon Guardian Golem    Hex/Summ       0%         N/A       100%        3
 Swiftness                Air            0%         N/A       100%        3
 Teleport Other           Tloc           0%         N/A       100%        3
 Tukima's Dance           Hex            0%         N/A       100%        3
 Vampiric Draining        Necr           0%         2d6       100%        3
 Airstrike                Air            0%         N/A       100%        4
 Anguish                  Hex/Necr       0%         N/A       100%        4
 Hailstorm                Conj/Ice       0%         3d3       100%        4
 Ice Form                 Ice/Tmut       0%         N/A       100%        4
 Leda's Liquefaction      Hex/Erth       0%         N/A       100%        4
 Passage of Golubria      Tloc           0%         N/A       100%        4
 Summon Lightning Spire   Summ/Air       0%         N/A       100%        4
 Alistair's Intoxication  Tmut/Pois      0%         N/A       100%        5
 Borgnjor's Vile Clutch   Necr/Erth      0%         N/A       100%        5
 Lee's Rapid Deconstruct  Erth           0%         3d5*      100%        5
 Lightning Bolt           Conj/Air       0%         1d11      100%        5
 Silence                  Hex/Air        0%         N/A       100%        5
 Summon Forest            Summ/Tloc      0%         N/A       100%        5
 Eringya's Noxious Bog    Tmut/Pois      0%         N/A       100%        6
 Simulacrum               Ice/Necr       0%         N/A       100%        6
 Statue Form              Tmut/Erth      0%         N/A       100%        6
 Enfeeble                 Hex            0%         N/A       100%        7
 Orb of Destruction       Conj           0%         9d5       100%        7
 Ozocubu's Refrigeration  Ice            0%         4d5       100%        7
 Spellforged Servitor     Conj/Summ      0%         N/A       100%        7
 Summon Hydra             Summ           0%         N/A       100%        7
 Lehudib's Crystal Spear  Conj/Erth      0%         10d2      100%        8


Dungeon Overview and Level Annotations

Branches:
Dungeon (15/15)            Temple (1/1) D:6            Lair (6/6) D:10
  Swamp (4/4) Lair:2        Snake (4/4) Lair:4        Slime (0/5) Lair:6
    Orc (2/2) D:10            Elf (3/3) Orc:2        Vaults (5/5) D:14
  Crypt (3/3) Vaults:3       Tomb (0/3) Crypt:3      Depths (0/4) D:15
  Sewer (visited)         Ossuary (visited)          Bailey (visited)
  IceCv (visited)

Altars:
Ashenzari
Cheibriados
Dithmenos
Elyvilon
Fedhas
Gozag
Hepliaklqana
Kikubaaqudgha
Makhleb
Nemelex Xobeh
Okawaru
Qazlal
Ru
Sif Muna
Trog
Uskayaw
Vehumet
Wu Jian
Xom
Yredelemnul
Zin
The Shining One
Beogh

Shops:
D:2 !   D:13 *   D:15 !   Orc:2 (!=[   Snake:1 *   Snake:4 [   Vaults:2 *
Vaults:3 ?

Portals:
Trove: Vaults:4 (give 16 potions of curing)

Annotations:
Swamp:2 2 transporters, Kolaoc's ghost, journeyman MiBe
Vaults:1 2 transporters, SuperSeabass's ghost, adept PaAK


Innate Abilities, Weirdness & Mutations

You have a pair of large horns on your head.
You are completely covered in icy blue scales. (AC +4, rC+)
A meltable icy envelope protects you from harm. (AC +8)
You are completely covered in sharp spines.
You are resistant to unholy torment.
A meltable shield of frost defends you. (SH +4)
You punish those that try to bend your will. (Will+)
You are occasionally teleported next to monsters.


Message History

You barely miss the vault warden.
The vault warden is lightly wounded.
You block the vault warden's attack.
You hit the vault warden but do no damage.
You headbutt the vault warden, but do no damage.
The vault warden is lightly wounded.
You slash the ettin! You hit the ettin but do no damage.
The vault warden is engulfed in blazing flames.
The vault warden hits you with a +2 bardiche of protection!!
* * * LOW HITPOINT WARNING * * *
You feel more protected from physical attacks.
You block the ettin's attack. x2; The ettin barely misses you.
The ettin hits you with a +0 dire flail!
* * * LOW HITPOINT WARNING * * *
You feel more protected from physical attacks.
As you read the scroll of teleportation, it crumbles to dust.
You feel strangely unstable.
You hear a horrible gurgling sound!
The deep elf sorcerer gestures at you while chanting.
You resist with almost no effort.
Your will lashes out at the deep elf sorcerer!
The vault warden is engulfed in blazing flames.
The vault warden is struck by your spines.
The vault warden hits you with a +2 bardiche of protection!!
* * * LOW HITPOINT WARNING * * *
You block the ettin's attack. The ettin hits you but does no damage.
You block the ettin's attack. The ettin hits you but does no damage.
You feel much better.
The vault warden is engulfed in blazing flames.
You block the vault warden's attack. The ettin barely misses you.
You block the ettin's attack. The ettin is struck by your spines.
The ettin hits you with a +0 dire flail!
* * * LOW HITPOINT WARNING * * *
You feel more protected from physical attacks.
The ettin hits you with a +0 dire flail.
* * * LOW HITPOINT WARNING * * *
You feel more protected from physical attacks.
The vault warden is engulfed in blazing flames.
The vault warden hits you with a +2 bardiche of protection!!!
You die...

.. ..?# #.... .....# #.. ...#
#(.. ..#..# ... ...#####...
.....#.D..#.^.
#..###...!.....###..#..#....#p.#
.....#.........#.......#.C..#...
.....#.#.#.#(#.#).e....#..CC#..##
#...............○C°§# #..[.#.(.#
#..pe.p).......○.)C.# #....#....
#+#WC#.#.#.#)#.#@p### #...e#)†#.
#)†..........°.e.....#.u†)#....
#Hup.........○..........C.X....
####################.....)..###
............ .............
#############


You could see a vault warden (strong), a deep elf annihilator, 2 ettins and a
deep elf sorcerer.

Vanquished Creatures
  A dread lich (Crypt:1)
  Mara (Vaults:3)
  A royal mummy (Crypt:3)
  the Lernaean hydra (Swamp:3)
  Vashnia (Snake:2)
  Margery (Vaults:3)
  Saint Roka (Vaults:3)
  3 golden dragons
  A bone dragon (Crypt:3)
  Jory (Crypt:3)
  Jorgrun (D:12)
  Rupert (D:12)
  2 tentacled monstrosities (Vaults:5)
  2 deep elf master archers (Elf:3)
  5 liches
  3 titans
  3 deep elf blademasters
  9 ancient champions
  3 sphinxes
  Donald (Snake:1)
  2 storm dragons
  4 revenants
  Roxanne (Snake:4)
  6 nagarajas
  3 tengu reavers
  11 vault wardens
  A frost giant (Vaults:5)
  Aizul (Snake:1)
  A fire giant (Vaults:5)
  6 deep elf sorcerers
  An orc warlord (Vaults:2)
  4 curse skulls
  The ghost of joshe the Destroyer, a journeyman DgCj (Lair:4)
  2 ghouls (Crypt:3)
  3 deep elf elementalists (Elf:3)
  11 very ugly things
  A reaper (Crypt:2)
  4 war gargoyles
  A quicksilver ooze (shapeshifter) (Vaults:5)
  12 ironbound preservers
  2 eleionomae
  11 vampire knights
  5 stone giants
  6 ironbound thunderhulks
  5 deep elf demonologists (Elf:3)
  4 entropy weavers
  16 dire elephants
  7 deep elf annihilators
  2 bunyips (Swamp:3)
  5 eidola
  10 deep elf death magi
  2 mummy priests (Crypt:3)
  5 ettins
  2 crystal guardians
  19 yaktaur captains
  9 jiangshi
  Josephine (D:12)
  Fannar (Orc:1)
  4 peacekeepers
  32 vault guards
  3 boulder beetles
  A deep elf high priest (Elf:3)
  A shambling mangrove (Swamp:4)
  3 ogre magi
  14 hydras
  4 salamander tyrants
  13 naga warriors
  3 catoblepae
  An ice dragon (Lair:6)
  7 ghost crabs
  A quicksilver dragon skeleton (Crypt:3)
  13 centaur warriors
  12 anacondas
  8 two-headed ogres
  6 death knights
  Erica (Orc:1)
  7 death yaks
  8 ironbound frosthearts
  27 dancing weapons
  A titan zombie (Crypt:3)
  7 alligators
  4 orc high priests
  The ghost of mrw3rdna the Basher, a novice DsAK of Lugonu (D:8)
  5 vampire magi
  2 hell knights
  11 naga sharpshooters
  13 shock serpents
  A soul eater (Crypt:2)
  3 salamander mystics
  A fire crab (shapeshifter) (Vaults:5)
  4 fire crabs (Lair:4)
  15 deep elf knights
  45 skeletal warriors
  31 deep trolls
  3 shadow wraiths
  8 goliath frogs
  A glowing orange brain (shapeshifter) (Vaults:4)
  3 spriggan druids
  A sea snake (Snake:3)
  5 flayed ghosts
  23 lindwurms
  10 deep elf archers
  2 glowing orange brains
  14 swamp dragons
  A deep troll (shapeshifter) (D:14)
  6 bog bodies
  19 phantasmal warriors
  7 orc knights
  9 wizards
  4 naga ritualists
  16 ironbound convokers
  20 deep elf zephyrmancers
  Pikel (D:3)
  7 necromancers
  12 mana vipers
  A tengu skeleton (Vaults:3)
  23 ugly things
  2 orc sorcerers
  35 deep elf pyromancers
  A wolf spider (D:15)
  A mana viper (shapeshifter) (Vaults:5)
  2 manticores
  An iron dragon skeleton (Crypt:3)
  3 will-o-the-wisps
  10 salamanders
  A salamander (shapeshifter) (D:15)
  A fire giant zombie (Crypt:1)
  A dire elephant zombie (Crypt:1)
  A frost giant skeleton (Vaults:3)
  13 elephants
  12 naga magi
  A guardian serpent (Snake:3)
  4 cyclopes
  13 vault sentinels
  An ice statue (IceCv)
  A stone giant skeleton (Crypt:3)
  45 black mambas
  An apocalypse crab (Lair:4)
  11 cane toads
  5 torpor snails (Lair:6)
  A gargoyle (D:11)
  A black draconian zombie (Crypt:2)
  A centaur skeleton (Crypt:3)
  A kobold demonologist (Elf:1)
  A white draconian zombie (Crypt:1)
  An unseen horror (D:13)
  A steelbarb worm zombie (Crypt:3)
  28 yaktaurs
  A green draconian zombie (Crypt:1)
  8 freezing wraiths
  2 rime drakes
  2 anaconda simulacra (IceCv)
  An efreet (D:13)
  An entropy weaver simulacrum (IceCv)
  12 komodo dragons
  9 guardian mummies (Crypt:3)
  A minotaur skeleton (Crypt:1)
  3 trolls
  A green draconian skeleton (Crypt:2)
  3 meliai (D:14)
  A death drake zombie (Crypt:1)
  A bloated husk (Swamp:1)
  A purple draconian skeleton (Crypt:2)
  17 tyrant leeches
  2 polar bears (shapeshifter)
  19 hornets
  Grinder (D:4)
  13 blink frogs
  A harpy skeleton (Crypt:2)
  50 slime creatures
  A tarantella zombie (Crypt:1)
  An ettin zombie (Crypt:1)
  A jumping spider (Vaults:5)
  A stone giant simulacrum (Vaults:2)
  A meliai zombie (D:10)
  An air elemental (Elf:1)
  Sigmund (D:7)
  5 flying skulls (Crypt:1)
  A dire elephant simulacrum (IceCv)
  9 spriggans
  A shadow (D:12)
  5 wyverns
  An ice dragon skeleton (Crypt:1)
  An ushabti (Crypt:3)
  A basilisk (Lair:5)
  17 wraiths
  2 fire elementals
  53 yaks
  A vampire (D:9)
  A hog (shapeshifter) (Elf:3)
  A basilisk (shapeshifter) (D:14)
  2 redbacks (Vaults:5)
  2 vampire mosquitoes (D:13)
  A steam dragon (D:8)
  3 wargs
  2 death yak simulacra (IceCv)
  A naga zombie (Crypt:1)
  Edmund (D:7)
  47 nagas
  19 swamp worms
  An acid dragon (D:14)
  22 water moccasins
  2 harpy simulacra (IceCv)
  A glowing shapeshifter zombie (Crypt:2)
  9 swamp drakes
  A floating eye (shapeshifter) (D:14)
  A fire dragon simulacrum (Crypt:3)
  A hornet zombie (D:8)
  2 ice beasts (D:6)
  3 sky beasts
  4 black bears
  10 wolves
  42 orc warriors
  6 ogres
  6 boggarts
  12 centaurs
  2 phantoms (D:5)
  A torpor snail zombie (Crypt:2)
  A kobold brigand (Sewer)
  An elf zombie (Ossuary)
  A komodo dragon zombie (Crypt:1)
  A draconian zombie (Crypt:3)
  A cane toad simulacrum (IceCv)
  3 earth elementals
  7 bullfrogs
  2 scorpions
  A gnoll sergeant (D:8)
  A wyvern zombie (D:9)
  A human skeleton (Vaults:3)
  5 two-headed ogre simulacra (IceCv)
  3 spriggan zombies (Crypt:1)
  4 elephant simulacra (IceCv)
  2 howler monkeys (D:10)
  A spriggan skeleton (Crypt:2)
  9 wights
  6 electric eels
  A yak skeleton (Crypt:2)
  A hound (D:4)
  6 lava snakes (D:12)
  A wolf skeleton (Crypt:3)
  28 orc priests
  A bullfrog zombie (D:6)
  A gnoll shaman (D:5)
  5 human zombies
  7 centaur zombies
  2 bullfrog skeletons
  2 iguanas (D:6)
  Natasha (thrice) (D:2)
  22 orc wizards
  2 polar bear simulacra (IceCv)
  8 troll simulacra (IceCv)
  9 spriggan simulacra
  5 killer bee zombies
  3 wolf simulacra (IceCv)
  A deep dwarf skeleton (Crypt:3)
  An ogre skeleton (Crypt:2)
  A hound zombie (Crypt:2)
  9 mummies
  2 hound skeletons
  A howler monkey skeleton (D:6)
  10 gnolls
  20 adders
  6 naga simulacra (IceCv)
  4 river rats
  A steam dragon zombie (Crypt:1)
  A shadow imp (D:8)
  18 white imps
  5 ufetubi
  2 worm zombies (Crypt:1)
  An adder zombie (Ossuary)
  A lava snake skeleton (Crypt:3)
  2 worms
  A barachi zombie (Crypt:1)
  A dart slug (D:1)
  99 orcs
  6 endoplasms
  7 giant cockroaches
  6 hobgoblins
  8 jackals
  4 quokkas
  2 ball pythons (D:3)
  A ball python skeleton (Crypt:3)
  2 bats
  A frilled lizard (D:1)
  7 goblins
  5 goblin zombies
  10 hobgoblin zombies (Ossuary)
  9 kobolds
  12 kobold zombies
  6 orc zombies (Ossuary)
  A quokka zombie (D:5)
  8 rats
1839 creatures vanquished.

Vanquished Creatures (collateral kills)
  A vault warden (Vaults:2)
  A hydra (Swamp:4)
  2 death yaks (Lair:6)
  A naga sharpshooter (Snake:1)
  4 swamp dragons
  A naga ritualist (Snake:1)
  A deep elf pyromancer (Elf:1)
  A deep elf zephyrmancer (Elf:1)
  2 mana vipers (Snake:1)
  4 black mambas
  A blink frog (Lair:6)
  3 nagas
  An orc warrior (Orc:2)
23 creatures vanquished.

Vanquished Creatures (others)
  An entropy weaver (Lair:4)
  A death knight (Crypt:1)
  A naga sharpshooter (Snake:1)
  5 deep elf knights
  2 goliath frogs
  A deep troll (Vaults:3)
  A necromancer (Crypt:1)
  2 deep elf pyromancers (Elf:1)
  A naga mage (Snake:4)
  A bloated husk (Swamp:1)
  A tyrant leech (Swamp:1)
  A hornet (Swamp:3)
  2 air elementals
  A swamp drake (Swamp:1)
  2 centaurs (Bailey)
  A kobold brigand (Sewer)
  A gnoll (D:8)
  2 orcs
  15 ball lightnings (Elf:2)
  5 foxfires
  56 fungi
  125 plants
228 creatures vanquished.

Grand Total: 2090 creatures vanquished

Notes
Turn   | Place    | Note
-------+----------+-------------------------------------------
     0 | D:1      | ndowd the Demonspawn Gladiator began the quest for the Orb.
     0 | D:1      | Reached XP level 1. HP: 16/16 MP: 1/1
    72 | D:1      | Found a faded altar of an unknown god.
   441 | D:1      | Gained mutation: You have a pair of small horns on your
                  | head. [demonic ancestry]
   441 | D:1      | Reached XP level 2. HP: 16/22 MP: 2/2
  1509 | D:2      | Noticed Natasha
  1516 | D:2      | Killed Natasha
  1517 | D:2      | Gained mutation: You are partially covered in icy blue
                  | scales. (AC +2) [demonic ancestry]
  1517 | D:2      | Reached XP level 3. HP: 20/28 MP: 3/3
  1525 | D:2      | Noticed Natasha
  1536 | D:2      | Killed Natasha
  1537 | D:2      | Reached skill level 3 in Fighting
  1537 | D:2      | Reached XP level 4. HP: 17/35 MP: 4/4
  1748 | D:2      | Noticed Natasha
  1754 | D:2      | Killed Natasha
  1803 | D:2      | Found Ugolun's Distillery.
  2211 | D:2      | Reached skill level 1 in Armour
  2386 | D:2      | Bought a potion of heal wounds for 55 gold pieces
  2491 | D:3      | Gained mutation: You are partially covered in sharp spines.
                  | [demonic ancestry]
  2491 | D:3      | Reached XP level 5. HP: 41/41 MP: 5/5
  3296 | D:4      | Reached skill level 1 in Unarmed Combat
  3310 | D:4      | Noticed Pikel
  3310 | D:4      | Noticed a lemure
  3424 | D:4      | Noticed a lemure
  3455 | D:3      | Killed Pikel
  3456 | D:3      | Gained mutation: You are mostly covered in sharp spines.
                  | [demonic ancestry]
  3456 | D:3      | Reached XP level 6. HP: 30/47 MP: 6/6
  3456 | D:3      | Gained mutation: You are mostly covered in icy blue scales.
                  | (AC +3) [demonic ancestry]
  3456 | D:3      | Reached XP level 7. HP: 33/52 MP: 7/7
  3881 | D:4      | Noticed Grinder
  3899 | D:4      | Killed Grinder
  3900 | D:4      | Reached skill level 5 in Armour
  3900 | D:4      | Gained mutation: You have a pair of horns on your head.
                  | [demonic ancestry]
  3900 | D:4      | Reached XP level 8. HP: 42/58 MP: 8/8
  4093 | D:4      | Reached skill level 5 in Unarmed Combat
  4152 | D:5      | Entered Level 5 of the Dungeon
  4187 | D:5      | Reached skill level 1 in Crossbows
  4235 | D:5      | Reached skill level 4 in Fighting
  4388 | D:5      | Found a sand-covered staircase.
  4412 | Ossuary  | Entered an ossuary
  4538 | Ossuary  | Reached skill level 5 in Fighting
  4741 | D:5      | Identified the +1 robe "Naeteupu" {rC+ Str+4 Stlth+}
  5106 | D:6      | Found a staircase to the Ecumenical Temple.
  5150 | D:6      | Reached XP level 9. HP: 69/69 MP: 9/9
  5173 | D:6      | Reached skill level 6 in Fighting
  5221 | D:6      | Reached skill level 1 in Evocations
  5318 | D:6      | Found a blossoming altar of Fedhas.
  5582 | D:6      | Found a glowing drain.
  5586 | Sewer    | Entered a sewer
  5661 | Sewer    | Reached skill level 5 in Axes
  5867 | Temple   | Entered the Ecumenical Temple
  5983 | Temple   | Became a worshipper of Qazlal Stormbringer
  6687 | D:7      | Reached skill level 1 in Invocations
  6948 | D:7      | Noticed Sigmund
  6965 | D:7      | Killed Sigmund
  6988 | D:7      | Noticed Edmund
  7001 | D:7      | Killed Edmund
  7541 | D:8      | Reached skill level 5 in Dodging
  7913 | D:8      | Reached * piety under Qazlal
  7914 | D:8      | Gained mutation: You have a pair of large horns on your
                  | head. [demonic ancestry]
  7914 | D:8      | Reached XP level 10. HP: 69/76 MP: 12/12
  8276 | D:8      | Found a runed translucent gate.
  8276 | D:8      | Found a runed translucent gate.
  8277 | D:8      | Found a runed translucent gate.
  8277 | D:8      | Noticed mrw3rdna's ghost (novice DsAK)
  8799 | D:9      | Noticed a two-headed ogre
  8815 | D:9      | Killed a two-headed ogre
  8968 | D:9      | Found a flagged portal.
  9051 | Bailey   | Entered a bailey
  9069 | Bailey   | Reached skill level 5 in Invocations
  9260 | Bailey   | Reached skill level 7 in Fighting
  9947 | Bailey   | Reached ** piety under Qazlal
  9998 | Bailey   | Reached skill level 8 in Fighting
  9998 | Bailey   | Reached skill level 5 in Evocations
 11361 | D:9      | Reached skill level 5 in Crossbows
 11361 | D:9      | Gained mutation: A meltable shield of frost defends you.
                  | (SH +4) [demonic ancestry]
 11361 | D:9      | Reached XP level 11. HP: 85/86 MP: 14/14
 12123 | D:10     | Entered Level 10 of the Dungeon
 12673 | D:10     | Noticed a two-headed ogre
 12863 | D:10     | Found a staircase to the Lair.
 12886 | D:10     | Killed a two-headed ogre
 12926 | D:10     | Reached *** piety under Qazlal
 12996 | D:10     | Found a staircase to the Orcish Mines.
 14153 | Orc:1    | Entered Level 1 of the Orcish Mines
 14154 | Orc:1    | Noticed an ogre mage
 14154 | Orc:1    | Noticed a two-headed ogre
 14154 | Orc:1    | Noticed a two-headed ogre
 14157 | Orc:1    | Noticed a two-headed ogre
 14162 | Orc:1    | Noticed a two-headed ogre
 14172 | D:10     | Killed a two-headed ogre
 14263 | D:10     | Killed a two-headed ogre
 14266 | D:10     | Killed a two-headed ogre
 14522 | D:10     | Paralysed by something for 3 turns
 14523 | D:10     | Killed an ogre mage
 14531 | D:10     | Killed a two-headed ogre
 14674 | Orc:1    | Noticed Erica
 14687 | Orc:1    | Killed Erica
 14688 | Orc:1    | Gained mutation: You are completely covered in sharp
                  | spines. [demonic ancestry]
 14688 | Orc:1    | Reached XP level 12. HP: 74/92 MP: 15/15
 14818 | Orc:1    | Noticed Fannar
 14864 | Orc:1    | Killed Fannar
 14865 | Orc:1    | Reached skill level 10 in Axes
 15386 | Orc:1    | Reached **** piety under Qazlal
 15971 | Orc:2    | Entered Level 2 of the Orcish Mines
 15998 | Orc:2    | Noticed an orc high priest
 15999 | Orc:2    | Noticed an orc high priest
 16329 | Orc:2    | Noticed an orc high priest
 16337 | Orc:1    | Killed an orc high priest
 16513 | Orc:1    | Reached skill level 9 in Fighting
 16513 | Orc:1    | Gained mutation: You are completely covered in icy blue
                  | scales. (AC +4, rC+) [demonic ancestry]
 16513 | Orc:1    | Reached XP level 13. HP: 101/101 MP: 18/18
 17115 | Lair:1   | Entered Level 1 of the Lair of Beasts
 18119 | Lair:2   | Found a frozen archway.
 18131 | Lair:2   | Reached ***** piety under Qazlal
 18242 | IceCv    | Entered an ice cave
 18248 | IceCv    | Reached skill level 10 in Fighting
 18325 | IceCv    | Identified the +1 scale mail of the Leaf {Drain rElec Dex+8
                  | Slay+5}
 18891 | IceCv    | Found the +5 robe of Misfortune {Harm *Corrode *Slow EV+5}
 18989 | Lair:2   | Found a staircase to the Swamp.
 19106 | Lair:2   | Reached skill level 1 in Shields
 19869 | Lair:3   | Reached XP level 14. HP: 110/110 MP: 20/20
 20038 | Lair:3   | Identified the +0 chain mail of Distant Worlds {Dex+4}
 20796 | Lair:4   | Found a staircase to the Snake Pit.
 21148 | Lair:4   | Found a runed translucent door.
 21217 | Lair:4   | Noticed joshe's ghost (journeyman DgCj)
 21224 | Lair:4   | Found a runed translucent gate.
 21224 | Lair:4   | Found a runed translucent gate.
 21224 | Lair:4   | Found a runed translucent gate.
 21979 | Lair:4   | Reached skill level 10 in Armour
 22243 | Lair:5   | Reached ****** piety under Qazlal
 22281 | Lair:5   | Reached skill level 5 in Shields
 22849 | Lair:5   | Found a sacrificial altar of Ru.
 23685 | Lair:6   | Entered Level 6 of the Lair of Beasts
 23702 | Lair:6   | Reached skill level 11 in Fighting
 23982 | Lair:6   | Gained mutation: You punish those that try to bend your
                  | will. (Will+) [demonic ancestry]
 23982 | Lair:6   | Reached XP level 15. HP: 110/120 MP: 15/21
 23984 | Lair:6   | Reached skill level 12 in Fighting
 24277 | Lair:6   | Identified the +2 chain mail "Voqygocs" {+Blink rF+ MP-9
                  | Str+4}
 24480 | Lair:6   | Found a staircase to the Slime Pits.
 24962 | Lair:6   | Found a runed translucent door.
 25433 | Lair:4   | Killed joshe's ghost
 26419 | Orc:2    | Found a staircase to the Elven Halls.
 26583 | Orc:2    | Found Ucruaru's Jewellery Emporium.
 26583 | Orc:2    | Found Buebra's Weapon Shoppe.
 26583 | Orc:2    | Found Qeziet's Distillery.
 26587 | Orc:2    | Found Udull's Armour Emporium.
 26653 | Orc:2    | Bought a potion of heal wounds for 65 gold pieces
 27225 | D:11     | Reached skill level 10 in Invocations
 28330 | D:12     | Noticed Josephine
 28336 | D:12     | Killed Josephine
 28403 | D:12     | Noticed Rupert
 28474 | D:12     | Killed Rupert
 28803 | D:12     | Noticed Jorgrun
 28833 | D:12     | Killed Jorgrun
 30503 | D:13     | Found Zukinyabuo's Assorted Antiques.
 30895 | D:13     | Reached XP level 16. HP: 94/129 MP: 23/23
 31263 | D:14     | Reached skill level 13 in Fighting
 31423 | D:14     | Found the +10 Black Knight's barding {ponderous, rPois rN+}
 31715 | D:15     | Entered Level 15 of the Dungeon
 31768 | D:14     | Found a gate to the Vaults.
 32961 | D:14     | Reached skill level 14 in Fighting
 33184 | D:14     | You fall into a shaft and drop 1 floor!
 33945 | D:15     | Found Mestroo's Distillery.
 33962 | D:15     | Bought a potion of curing for 45 gold pieces
 33962 | D:15     | Bought a potion of heal wounds for 75 gold pieces
 34035 | D:15     | Found a staircase to the Depths.
 34429 | Swamp:1  | Entered Level 1 of the Swamp
 34845 | Elf:1    | Entered Level 1 of the Elven Halls
 34990 | Elf:1    | Reached skill level 10 in Evocations
 35804 | Elf:1    | Reached XP level 17. HP: 116/139 MP: 25/25
 37610 | Elf:2    | Reached skill level 10 in Unarmed Combat
 38073 | Elf:2    | Found a runed translucent gate.
 38074 | Elf:2    | Found a runed translucent gate.
 38074 | Elf:2    | Found a runed translucent gate.
 38084 | Elf:2    | Noticed a deep elf blademaster
 38103 | Elf:2    | Killed a deep elf blademaster
 39614 | Elf:3    | Entered Level 3 of the Elven Halls
 39773 | Elf:3    | Noticed a deep elf blademaster
 39782 | Elf:3    | Noticed a deep elf blademaster
 39788 | Elf:3    | Killed a deep elf blademaster
 39788 | Elf:3    | Killed a deep elf blademaster
 40071 | Elf:2    | Killed a ghostly deep elf blademaster
 40882 | Elf:3    | Noticed a deep elf master archer
 40889 | Elf:3    | Killed a deep elf master archer
 41015 | Elf:3    | Identified the +7 halberd "Earthworm" {pain, rCorr Int+3
                  | Stlth+}
 41027 | Elf:3    | Noticed a deep elf master archer
 41036 | Elf:3    | Killed a deep elf master archer
 41041 | Elf:3    | Identified the +0 broad axe of Amorality {freeze, Fragile
                  | Fly rN+ Will+}
 41257 | Elf:3    | Gained mutation: A meltable icy envelope protects you from
                  | harm. (AC +8) [demonic ancestry]
 41257 | Elf:3    | Reached XP level 18. HP: 144/146 MP: 26/26
 42143 | Elf:3    | Identified the +2 quarterstaff of Niriacau {venom, rElec
                  | Str+6 Dex-5}
 42190 | Elf:3    | Identified the +9 whip of Propriety {elec, rPois rN+ Str+4}
 42200 | Elf:3    | Identified the +3 trident "Doik" {flame, rN+ Dex+3}
 42264 | Elf:3    | Identified the +1 ring mail "Muzxuuf" {rC+ Int+2}
 42903 | D:8      | Killed mrw3rdna's ghost
 42924 | D:8      | Identified the +3 hat of Recklessness {Slay+2}
 43531 | Snake:1  | Entered Level 1 of the Snake Pit
 43697 | Snake:1  | Found a bloodstained altar of Trog.
 43875 | Snake:1  | Reached skill level 10 in Dodging
 44004 | Snake:1  | Noticed Donald
 44016 | Snake:1  | Killed Donald
 44218 | Snake:1  | Found Pask's Mass Market.
 44872 | Snake:1  | Noticed Aizul
 44884 | Snake:1  | Killed Aizul
 45266 | Snake:2  | Noticed Vashnia
 45303 | Snake:2  | Killed Vashnia
 46624 | Snake:3  | Reached skill level 10 in Shields
 46969 | Snake:3  | Found a runed translucent gate.
 46969 | Snake:3  | Found a runed translucent gate.
 46969 | Snake:3  | Found a runed translucent gate.
 47204 | Snake:3  | Reached skill level 15 in Fighting
 47668 | Snake:4  | Entered Level 4 of the Snake Pit
 47826 | Snake:4  | Reached XP level 19. HP: 152/155 MP: 27/27
 48168 | Snake:4  | Noticed Roxanne
 48245 | Snake:4  | Found Quenojax's Antique Armour Emporium.
 48293 | Snake:4  | Reached skill level 16 in Fighting
 48397 | Snake:4  | Identified the +5 flail "Hiluesie" {drain, +Blink}
 49397 | Snake:4  | Got a serpentine rune of Zot
 49622 | Snake:4  | Killed Roxanne
 50052 | Snake:4  | Bought a pair of runed gloves for 217 gold pieces
 50055 | Snake:4  | Bought a pair of embroidered gloves for 217 gold pieces
 51179 | Swamp:2  | Found a transporter.
 51182 | Swamp:2  | Found a transporter.
 51184 | Swamp:2  | Noticed Kolaoc's ghost (journeyman MiBe)
 51536 | Swamp:3  | Reached skill level 15 in Axes
 52293 | Swamp:4  | Entered Level 4 of the Swamp
 52513 | Swamp:4  | Identified the +2 spear of Cocytus {vorpal, rCorr}
 52926 | Swamp:4  | Noticed the 27-headed Lernaean hydra
 53263 | Swamp:3  | Killed the 19-headed Lernaean hydra
 53281 | Swamp:4  | Gained mutation: A meltable icy envelope protects you from
                  | harm. (AC +8) [demonic ancestry]
 53281 | Swamp:4  | Reached XP level 20. HP: 73/164 MP: 30/30
 53553 | Swamp:4  | Got a decaying rune of Zot
 54011 | Vaults:1 | Entered Level 1 of the Vaults
 54353 | Vaults:1 | Found a transporter.
 54353 | Vaults:1 | Noticed SuperSeabass's ghost (adept PaAK)
 54360 | Vaults:1 | Found a transporter.
 56024 | Vaults:2 | Reached skill level 15 in Invocations
 57358 | Vaults:2 | Found Jeivu's Assorted Antiques.
 57365 | Vaults:2 | Bought 2 red potions for 61 gold pieces
 57375 | Vaults:2 | Bought a crystal broad axe for 306 gold pieces
 57375 | Vaults:2 | Identified the +8 broad axe of the Shining Light {vorpal,
                  | Contam rC+ rCorr} (You bought it in a shop on level 2 of
                  | the Vaults)
 57397 | Vaults:2 | Identified the +1 glaive of Karma {venom, rF+ Stlth+}
 58658 | Vaults:3 | Noticed Mara
 58674 | Vaults:3 | Killed Mara
 58695 | Vaults:3 | Reached skill level 10 in Crossbows
 59085 | Vaults:3 | Identified the +8 great sword of Kuaryer {vorpal, Drain
                  | Int+3 Dex+3 SInv}
 59104 | Vaults:3 | Noticed Margery
 59120 | Vaults:3 | Killed Margery
 59121 | Vaults:3 | Gained mutation: You are resistant to unholy torment.
                  | [demonic ancestry]
 59121 | Vaults:3 | Reached XP level 21. HP: 94/171 MP: 33/33
 59486 | Vaults:3 | Reached skill level 17 in Fighting
 59966 | Vaults:3 | Noticed a golden dragon
 59968 | Vaults:3 | Noticed Saint Roka
 59994 | Vaults:3 | Reached skill level 18 in Fighting
 60005 | Vaults:3 | Killed Saint Roka
 60335 | Vaults:3 | Killed a golden dragon
 61548 | D:13     | Bought a smoky ruby potion for 22 gold pieces
 61548 | D:13     | Bought a scroll of enchant armour for 187 gold pieces
 61829 | Vaults:3 | Found Nafaques's Magic Scroll Shoppe.
 61996 | Vaults:3 | Found a staircase to the Crypt.
 61996 | Vaults:3 | Found a basalt altar of Yredelemnul.
 61997 | Vaults:3 | Found an ancient bone altar of Kikubaaqudgha.
 63575 | Vaults:4 | Reached skill level 15 in Armour
 63703 | Vaults:4 | Paralysed by a sphinx for 2 turns
 63844 | Vaults:4 | Found a portal to a secret trove of treasure.
 65016 | Crypt:1  | Entered Level 1 of the Crypt
 65187 | Crypt:1  | Reached XP level 22. HP: 164/184 MP: 34/34
 65257 | Crypt:1  | You fall into a shaft and drop 1 floor!
 65449 | Crypt:1  | Gained mutation: You are occasionally teleported next to
                  | monsters. [mutagenic glow]
 65517 | Crypt:1  | Reached skill level 15 in Shields
 65646 | Crypt:1  | Found the +13 scythe of Curses {drain, Drain}
 66550 | Crypt:2  | Identified the +4 great sword of Death {antimagic, rCorr}
 66709 | Crypt:2  | Noticed a dread lich
 66726 | Crypt:1  | Killed a dread lich
 66957 | Crypt:2  | Paralysed by a vampire knight for 3 turns
 67452 | Crypt:3  | Entered Level 3 of the Crypt
 67566 | Crypt:3  | Identified a scroll of acquirement
 67688 | Crypt:3  | Reached skill level 19 in Fighting
 67833 | Crypt:2  | Acquired 674 gold pieces
 67919 | Crypt:3  | Found an ancient bone altar of Kikubaaqudgha.
 67920 | Crypt:3  | Noticed a royal mummy
 68071 | Crypt:3  | Killed a royal mummy
 68157 | Crypt:3  | Found a basalt altar of Yredelemnul.
 68206 | Crypt:3  | Found the +6 Majin-Bo {vamp, MP+6 Int+6}
 68547 | Crypt:3  | Found a staircase to the Tomb.
 68587 | Crypt:3  | Noticed Jory
 68606 | Crypt:3  | Killed Jory
 69234 | Vaults:5 | Entered Level 5 of the Vaults
 69234 | Vaults:5 | Noticed a golden dragon
 69238 | Vaults:5 | Reached XP level 23. HP: 183/194 MP: 18/35
 69410 | Vaults:5 | Noticed a dread lich
 69416 | Vaults:5 | Paralysed by a dread lich for 6 turns
 69612 | Vaults:5 | Demolished by a vault warden

Illustrated notes

Levels and vault maps discovered:
D:1:      dpeg_arrival_rhombi, layout_loops_ring,
          hellmonk_ecumenical_altar_blasted, minmay_tree_intersection,
          minmay_misc_feat_chi
D:2:      minmay_wonky_spiral, layout_loops_ring, serial_shops,
          nicolae_lakefront_shop, minmay_door_square, kennysheep_donut,
          uniq_natasha
D:3:      layout_basic
D:4:      layout_rooms, hangedman_abyss_or_decor_stagger,
          minmay_stone_trees_small, st_stairs_13, minmay_small_thing,
          uniq_pikel, uniq_grinder
D:5:      layout_loops_ring, enter_ossuary_4, grunt_ministairs_15
D:6:      layout_basic, nicolae_overflow_hidden_temple,
          minmay_temple_entry_drinking_statues, gup_sewer_entry_spiral
D:7:      layout_cave_pools, sigmund_edmund_badplayer
D:8:      layout_layer_cave, biasface_ghost_orc_armoury, serial_bayou_lake_a
D:9:      layout_stronghold, enter_bailey_3, chequers_mini_garden,
          nzn_life_drinkers
D:10:     layout_basic, due_lair_maze_entry_diamond, hiddenorc2_lemuel,
          st_stairs_9
D:11:     layout_loops_corners, lightli_corner_chamber
D:12:     erik_rubicon_a, layout_layer_cave, serial_glass, glass_columns_b,
          glass_columns_b, grunt_ministairs_15, uniq_josephine, uniq_jorgrun,
          uniq_rupert
D:13:     layout_rooms, serial_shops, kennysheep_mini, lemuel_another_geyser
D:14:     cheibrodos_breeding_chamber, layout_stronghold, david_vaults_4,
          hangedman_abyss_or_decor_slice
D:15:     hangedman_depths_entry_try_elsewhere_first, layout_rooms,
          serial_shops, shop, minmay_strange_pillars
Temple:   minmay_crystal_snake_temple
Lair:1:   layout_gridlike, nicolae_lair_grazing_beasts
          [nicolae_sub_lair_graze_edge, nicolae_sub_lair_graze_edge,
          nicolae_sub_lair_graze_edge, nicolae_sub_lair_graze_edge],
          infiniplex_staircase_pool_2
Lair:2:   layout_roguey, swamp_mist, portal_ice_cave_entry_imps
Lair:3:   layout_cave_pods
Lair:4:   gammafunk_mikee_crab_dinner, layout_regular_city,
          minmay_snake_entry_six_corridors, gammafunk_ghost_split
Lair:5:   minmay_lair_venomous_thicket, layout_regular_city, basic_altar,
          serial_rivers, chequers_serial_rivers_small_b,
          chequers_serial_rivers_micro_a, chequers_serial_rivers_large_a,
          chequers_serial_rivers_marsh, chequers_serial_rivers_large_b,
          nicolae_lair_yak_garden
Lair:6:   wormcave, layout_misc_corridors, minmay_slime_entry_oklob_enclosed,
          st_stairs_3, serial_bayou_shore_a, infiniplex_staircase_pool,
          grunt_megastairs_1, lemuel_fruit_tree
Swamp:1:  layout_basic_swamp, evilmike_swamp_ruin_rubble_1, swamp_pool1
Swamp:2:  layout_basic_swamp, gammafunk_ghost_mausoleum,
          evilmike_swamp_ruin_rubble_2
Swamp:3:  layout_basic_swamp, nicolae_swamp_tree_isthmus
Swamp:4:  swamp_old_school, layout_basic_swamp
Snake:1:  layout_gridlike, basic_altar, nicolae_snake_round_shape_thing,
          minmay_shop_mass, uniq_donald, uniq_aizul
Snake:2:  layout_layer_cave, nicolae_snake_gridmaze_tees, uniq_vashnia
Snake:3:  cheibrodos_forgotten_conduit, layout_onion_interference,
          nicolae_snake_horde_hoard
Snake:4:  minmay_snake_end_coiled, layout_grid_shapes, serial_bayou_shore_b,
          minmay_shop_star, uniq_roxanne
Orc:1:    layout_diamond_mine, nicolae_orc_stony_grotto, uniq_fannar, uniq_erica
Orc:2:    st_orc_mages, layout_caves, abandoned_shop
Elf:1:    eino_elf_arrival_customs, layout_loops_cross, hangedman_elf_disciples,
          guppyfry_library_mini
Elf:2:    nicolae_elf_blades_crystal_corner, layout_loops_cross,
          serial_aquarium, aquarium_bridge_square [aquarium_subvault_window,
          aquarium_subvault_wall, aquarium_subvault_bridge,
          aquarium_subvault_wall], aquarium_bridge_square
          [aquarium_subvault_window, aquarium_subvault_bridge,
          aquarium_subvault_wall, aquarium_subvault_bridge],
          aquarium_window_corridor_1, aquarium_window_fake, aquarium_window_1,
          aquarium_view_2b, aquarium_balcony_double_1, aquarium_pool_five
Elf:3:    elf_hall, layout_geoelf_diagonals, palyth_stone_intersect
Vaults:1: gammafunk_ghost_arena, nicolae_vaults_inception_corners,
          vaults_room_grid, ontoclasm_vaults_hangar, vaults_room_grid,
          nicolae_vaults_ring_of_whatevers, vaults_room_door_ring,
          ontoclasm_vaults_ring_small, vaults_dpeg_hooks, vaults_mumra_hexcomb,
          ontoclasm_vaults_loading_screen, vaults_room_fours,
          layout_vaults_omnibox
Vaults:2: hangedman_vaults_pinch, hangedman_vaults_stretched_pinwheel, v_misc_2,
          ontoclasm_vaults_spin, hangedman_vaults_stretched_pinwheel,
          hangedman_vaults_slice, grunt_vaults_funnel, ontoclasm_vaults_gallery,
          hangedman_vaults_nails, nicolae_vaults_little_squares_6,
          layout_vaults_omnigrid, serial_shops, shop
Vaults:3: ontoclasm_vaults_ligature, minmay_crypt_entry_necro_gods, v_rooms_3,
          v_misc_2, st_spiral_rooms, nicolae_vaults_border_crossing,
          vaults_dpeg_cross, layout_vaults_big_room, serial_shops, shop,
          uniq_saint_roka, uniq_margery, uniq_mara
Vaults:4: v_misc_9, nicolae_vaults_little_squares_6, st_quartered_hall,
          nicolae_vaults_little_squares_5, v_misc_33,
          nicolae_vaults_shelves_hall, ontoclasm_vaults_tryst,
          vaults_room_boxed, hangedman_vaults_maws, vaults_dpeg_ring,
          layout_vaults_ring, enter_trove_1
Vaults:5
Crypt:1:  layout_regular_city, st_stairs_8
Crypt:2:  layout_gridlike, st_stairs_13, grunt_megastairs_5
Crypt:3:  lightli_unholy_cathedral, layout_chaotic_city,
          nicolae_tomb_entry_grand_gallery, columned_hall_lemuel, minivault_19,
          uniq_jory

Skill      XL: |  1  2  3  4  5  6  7  8  9 10 11 12 13 14 15 16 17 18 19 20 21 22 23 |
---------------+----------------------------------------------------------------------+-----
Axes           | 3 4 6 7 9 10 11 12 13 15 16 | 16.1
Dodging        | 3 4 5 7 8 11 | 11.0
Fighting       | 3 5 6 8 9 10 11 12 14 15 16 18 19 | 19.3
Armour         | 1 4 5 7 9 10 11 14 15 17 | 17.0
Unarmed Combat | 3 4 5 7 8 11 12 | 12.0
Crossbows      | 3 5 6 7 10 | 10.0
Evocations     | 3 6 7 8 11 12 13 | 13.0
Invocations    | 3 5 7 9 10 11 13 16 | 16.0
Shields        | 2 5 8 10 12 14 15 | 15.0
Throwing       | |  1.7

Action                   |  1- 3 |  4- 6 |  7- 9 | 10-12 | 13-15 | 16-18 | 19-21 | 22-24 || total
-------------------------+-------+-------+-------+-------+-------+-------+-------+-------++-------
Melee: Hand axe          |    59 |   104 |   375 |   529 |       |       |       |       ||  1067
       War axe           |     3 |       |       |     8 |   837 |   140 |       |       ||   988
       Headbutt          |     4 |    13 |    97 |   141 |   276 |   286 |   421 |   206 ||  1444
       Punch             |       |     2 |    14 |    26 |    17 |       |       |       ||    59
       Halberd           |       |       |       |    16 |       |       |       |       ||    16
       Flail             |       |       |       |    23 |    36 |       |       |       ||    59
       Battleaxe         |       |       |       |       |    47 |       |       |       ||    47
       Broad axe         |       |       |       |       |       |   904 |  1386 |   661 ||  2951
 Fire: Hand crossbow     |       |     2 |     5 |       |       |    37 |   137 |     4 ||   185
       Arbalest          |       |       |     8 |    74 |    86 |       |       |       ||   168
Throw: Throwing net      |     1 |       |     3 |       |       |       |       |       ||     4
       Dart              |       |       |     6 |     2 |       |       |       |       ||     8
       Boomerang         |       |       |       |       |     4 |     3 |     3 |     4 ||    14
Invok: Elemental Force   |       |       |       |     1 |     1 |     3 |     3 |       ||     8
       Disaster Area     |       |       |       |       |     1 |     1 |     3 |     7 ||    12
       Upheaval          |       |       |       |       |       |       |     4 |       ||     4
Evoke: Wand              |       |       |       |     6 |     8 |     8 |     8 |       ||    30
       Lightning rod     |       |       |       |       |       |    16 |    12 |     6 ||    34
       Condenser vane    |       |       |       |       |       |     6 |     5 |     5 ||    16
       Piece from Xom's  |       |       |       |       |       |     1 |       |       ||     1
       Box of beasts     |       |       |       |       |       |     2 |     2 |     1 ||     5
       Phantom mirror    |       |       |       |       |       |     2 |     1 |       ||     3
       Phial of floods   |       |       |       |       |       |     1 |     1 |     1 ||     3
       Tin of tremorston |       |       |       |       |       |       |     3 |     3 ||     6
  Use: Scroll            |       |     6 |     7 |     7 |    10 |    12 |    15 |    11 ||    68
       Potion            |       |     1 |       |    11 |       |     8 |     6 |     9 ||    35
 Stab: Held in net/web   |       |       |     1 |       |       |       |       |       ||     1
       Paralysed         |       |       |       |       |     4 |     1 |     2 |       ||     7
       Confused          |       |       |       |       |       |     1 |       |       ||     1
       Distracted        |       |       |       |       |       |       |     1 |       ||     1
Armor: Leather armour    |     6 |       |       |       |       |       |       |       ||     6
       Swamp dragon scal |    13 |    31 |   119 |   184 |   174 |   116 |   338 |       ||   975
       Scale mail        |       |       |       |       |    53 |    88 |       |       ||   141
       Gold dragon scale |       |       |       |       |       |       |   149 |   404 ||   553
Dodge: Dodged            |    30 |    60 |   158 |   267 |   289 |   243 |   383 |    98 ||  1528
       Repelled          |       |       |       |       |     3 |    31 |    21 |     2 ||    57
Block: Other             |     3 |    25 |    76 |   245 |   249 |       |       |       ||   598
       Reflection        |       |     1 |     3 |     5 |    28 |   137 |   143 |    14 ||   331
       Buckler           |       |       |       |       |   581 |   781 |   977 |       ||  2339
       Kite shield       |       |       |       |       |       |   324 |   458 |   755 ||  1537
